Description

5 Minutes- 1. 50 drones 2. 6 queens 3. 20 lings 4. lair on the way 5. 2 evos 6. bane nest 7. you should also have 3 hatches and ling speed.

Build Order

Get SALT Encoding   

  12  0:00  Drone  
  13  0:12  Overlord  
  13  0:16  Drone  
  14  0:30  Drone x3  
  17  0:51  Hatchery  
  17  0:54  Drone x2  
  18  1:09  Extractor  
  17  1:13  Spawning Pool  
  17  1:15  Drone x2  
  18  1:28  Drone  Pull 2 drones off gas when youre at 56 gas and send them to mine and natural.
  21  2:01  Zergling x4  
  21  2:02  Queen x2  
  27  2:13  Hatchery  
  26  2:18  Overlord  
  28  2:36  Metabolic Boost  
  31  2:44  Queen  
  31  2:49  Overlord  
  36  3:04  Overlord  
  40  3:20  Overlord  
  40  3:24  Queen  
  46  3:37  Queen  
  46  3:40  Baneling Nest  
  59  4:03  Queen  
  65  4:30  Evolution Chamber x2  
  66  4:32  Zergling x10  
  70  4:39  Zergling x6  
Spawning Tool Build Advisor. Get it on Overwolf

Go to:

Details

  • Created by: asdfer4t
  • Published on: Jun 24, 2023
  • Modified on: Aug 29, 2023
  • Patch: 5.0.11
  • Difficulty: Hard
Show
View Real Time Build Order
Export as new Build Order

Comments (1)

On June 24, 2023, 10:43 p.m., asdfer4t  said:

** 5 Minutes- 1. 50 drones 2. 6 queens 3. 20 lings 4. lair on the way 5. 2 evos 6. bane nest 7. you should also have 3 hatches and ling speed.

Create an account to comment!